 Dungeon Crawl Stone Soup version 0.24.0-125-gc4c63601f3 (webtiles) character file.

Game seed: 2160204386959595343, levelgen mode: deterministic

826647 Peloso the Minotaur Barricade (level 27, 0/367 HPs)
             Began as a Minotaur Fighter on Mar 6, 2020.
             Was a High Priest of Okawaru.
             Succumbed to a +4 halberd of venom's poison
             ... on level 16 of a ziggurat on Mar 7, 2020.
             The game lasted 05:19:36 (92977 turns).

Peloso the Minotaur Barricade (Minotaur Fighter)   Turns: 92977, Time: 05:19:37

Health: 0/367      AC: 49    Str: 48    XL:     27
Magic:  1/31       EV: 27    Int:  1    God:    Okawaru [*****.]
Gold:   6476       SH: 38    Dex: 13    Spells: 28/28 levels left

rFire    + + +     SeeInvis +   a - +9 double sword (flame)
rCold    + + .     Gourm    +   v - +7 large shield of Defiance {rElec rF+}
rNeg     + . .     Faith    .   r - +12 gold dragon scales
rPois    +         Spirit   +   t - +2 hat of the Bear Spirit {Spirit, +Rage rN+ MR++}
rElec    +         Reflect  .   C - scarf {cloud immunity}
rCorr    .         Harm     .   j - +2 pair of gloves {Str+3}
MR       +++++                  y - +2 pair of boots {run}
Stlth    ..........             s - amulet of Ethics {Gourm rElec rF++ MR+ Str+2}
HPRegen  0.00/turn              H - ring of Mattug {rF- rC+ Str+7 SInv}
MPRegen  0.22/turn              Z - ring of the Five Moons {MR+ EV+3 Int-2 Slay+5}

@: berserking, lethally poisoned (0 -> -13), heroism, very quick
A: retaliatory headbutt, horns 2, dopey 1, frail 1, low mp 1, magic resistance
1, inhibited regeneration
}: 4/15 runes: decaying, slimy, silver, gossamer
a: Heroism, Finesse, Renounce Religion, Evoke Berserk Rage


You were on level 16 of a ziggurat.
You worshipped Okawaru.
Okawaru was extremely pleased with you.
You were very full.

You visited 13 branches of the dungeon, and saw 59 of its levels.
You visited 1 ziggurat, and saw 16 of its levels.
You also visited: Trove, Sewer, Ice Cave, Volcano and Desolation.

You collected 10597 gold pieces.
You spent 4121 gold pieces at shops.

Inventory:

Hand Weapons
 a - a +9 double sword of flaming (weapon)
 b - the +9 long sword "Trog's Fury" {slice, rF+ rN++ MR-}
   (You found it on level 12 of the Dungeon)

   It inflicts extra damage upon your enemies.
   It protects you from fire.
   It greatly protects you from negative energy.
   It affects your resistance to hostile enchantments.
Armour
 d - the +4 hat of Bedevilment {rF+ rC+ Int+4}
   (You acquired it on level 14 of a ziggurat)

   It affects your intelligence (+4).
   It protects you from fire.
   It protects you from cold.
 j - a +2 pair of gloves of strength (worn)
 p - a +4 shield of reflection
 r - +12 gold dragon scales (worn)
 t - the +2 hat of the Bear Spirit (worn) {Spirit, +Rage rN+ MR++}
   (Okawaru gifted it to you on level 1 of the Swamp)

   It protects you from negative energy.
   It affects your resistance to hostile enchantments.
   It lets you go berserk.
 v - the +7 large shield of Defiance (worn) {rElec rF+}
   (You acquired it on level 1 of the Lair of Beasts)

   It protects you from fire.
   It insulates you from electricity.
 y - a +2 pair of boots of running (worn)
 C - a scarf of cloud immunity (worn)
 G - a +2 pair of boots of flying
 J - the +1 swamp dragon scales of Gehenna {rPois Str+6 Slay+5}
   (You found it on level 9 of a ziggurat)

   It affects your strength (+6).
   It affects your accuracy and damage with ranged weapons and melee attacks
   (+5).
   It protects you from poison.
 M - the +10 plate armour of the Quahog {rC+ Str+2 Dex+4}
   (You found it on level 9 of a ziggurat)

   It affects your strength (+2).
   It affects your dexterity (+4).
   It protects you from cold.
Jewellery
 m - an uncursed ring of resist corrosion
 q - the amulet of Joy {Reflect rF+ Str+2 SH+2}
   (You took it off a deep elf mage on level 3 of the Elven Halls)

   [amulet of reflection]

   It shields you and reflects attacks.
   It affects your strength (+2).
   It protects you from fire.
   It affects your SH (+2).
 s - the amulet of Ethics (around neck) {Gourm rElec rF++ MR+ Str+2}
   (You took it off a deep elf archer on level 3 of the Elven Halls)

   [amulet of the gourmand]

   It allows you to eat raw meat even when not hungry.
   It affects your strength (+2).
   It greatly protects you from fire.
   It insulates you from electricity.
   It affects your resistance to hostile enchantments.
 H - the ring of Mattug (left hand) {rF- rC+ Str+7 SInv}
   (You found it on level 1 of the Spider Nest)

   [ring of see invisible]

   It affects your strength (+7).
   It makes you vulnerable to fire.
   It protects you from cold.
   It lets you see invisible.
 L - the brooch of Shielding {Reflect SH+8}
   (You found it on level 9 of a ziggurat)

   [amulet of reflection]

   It shields you and reflects attacks.
   It affects your SH (+8).
 Z - the ring of the Five Moons (right hand) {MR+ EV+3 Int-2 Slay+5}
   (You bought it in a shop on level 1 of the Elven Halls)

   [ring of evasion]

   It affects your evasion (+3).
   It affects your intelligence (-2).
   It affects your accuracy and damage with ranged weapons and melee attacks
   (+5).
   It affects your resistance to hostile enchantments.
Wands
 g - a wand of scattershot (6)
 z - a wand of paralysis (9)
Scrolls
 c - a scroll of holy word
 e - 24 scrolls of remove curse
 h - 9 scrolls of identify
 k - 8 scrolls of magic mapping
 o - a scroll of brand weapon
 u - 28 scrolls of teleportation
 A - a scroll of silence
 D - 6 scrolls of noise
 F - 7 scrolls of blinking
 I - 5 scrolls of enchant weapon
 N - a scroll of fear
 X - a scroll of enchant armour
Potions
 i - 8 potions of mutation
 B - 11 potions of agility
 E - 9 potions of haste
 K - a potion of brilliance
 O - 3 potions of berserk rage
 S - 2 potions of resistance
 T - 5 potions of might
Miscellaneous
 n - the horn of Geryon
 w - 2 sacks of spiders
 x - a crystal ball of energy
 P - a phial of floods
 Q - a crystal ball of energy
 R - a phial of floods
 U - a lamp of fire
 V - a box of beasts
 Y - a phantom mirror
Comestibles
 f - 87 rations


   Skills:
 O Level 27 Fighting
 O Level 27 Long Blades
 + Level 1.5(6.5) Throwing
 O Level 27 Armour
 + Level 21.1(26.1) Dodging
 + Level 15.9(20.9) Stealth
 O Level 27 Shields
 + Level 2.8(7.8) Unarmed Combat
 + Level 1.0 Spellcasting
 + Level 18.6 Invocations
 + Level 3.0 Evocations


You had 28 spell levels left.
You didn't know any spells.
Your spell library contained the following spells:

 Spells                   Type           Power        Failure   Level  Hunger
 Animate Skeleton         Necr           N/A          88%         1    ##.....
 Apportation              Tloc           #.....       88%         1    ##.....
 Beastly Appendage        Tmut           #.....       88%         1    ##.....
 Confusing Touch          Hex            #.....       88%         1    ##.....
 Corona                   Hex            #......      88%         1    ##.....
 Flame Tongue             Conj/Fire      #....        88%         1    ##.....
 Freeze                   Ice            #...         88%         1    ##.....
 Infusion                 Chrm           #...         88%         1    ##.....
 Magic Dart               Conj           #...         88%         1    ##.....
 Pain                     Necr           #...         88%         1    ##.....
 Sandblast                Erth           #.....       88%         1    ##.....
 Shock                    Conj/Air       #...         88%         1    ##.....
 Sting                    Conj/Pois      #...         88%         1    ##.....
 Summon Butterflies       Summ           #.......     88%         1    ##.....
 Summon Small Mammal      Summ           #...         88%         1    ##.....
 Blink                    Tloc           N/A          95%         2    ###....
 Call Imp                 Summ           #.......     95%         2    ###....
 Corpse Rot               Necr           N/A          95%         2    ###....
 Ensorcelled Hibernation  Hex/Ice        #.....       95%         2    ###....
 Passwall                 Tmut/Erth      #.......     95%         2    ###....
 Searing Ray              Conj           #.....       95%         2    ###....
 Shroud of Golubria       Chrm/Tloc      #.....       95%         2    ###....
 Slow                     Hex            #.......     95%         2    ###....
 Song of Slaying          Chrm           #.......     95%         2    ###....
 Sticks to Snakes         Tmut           #.......     95%         2    ###....
 Sublimation of Blood     Necr           #.........   95%         2    ###....
 Swiftness                Chrm/Air       #.......     95%         2    ###....
 Throw Flame              Conj/Fire      #.....       95%         2    ###....
 Throw Frost              Conj/Ice       #.....       95%         2    ###....
 Call Canine Familiar     Summ           #.......     99%         3    ####...
 Confuse                  Hex            #.......     99%         3    ####...
 Conjure Flame            Conj/Fire      #.......     99%         3    ####...
 Dazzling Spray           Conj/Hex       #.....       99%         3    ####...
 Gell's Gravitas          Tloc           #.........   99%         3    ####...
 Ignite Poison            Fire/Tmut/Pois #.......     99%         3    ####...
 Inner Flame              Hex/Fire       #.......     99%         3    ####...
 Lesser Beckoning         Tloc           #.........   99%         3    ####...
 Mephitic Cloud           Conj/Pois/Air  #.......     99%         3    ####...
 Ozocubu's Armour         Chrm/Ice       #.......     99%         3    ####...
 Portal Projectile        Hex/Tloc       #.....       99%         3    ####...
 Recall                   Summ/Tloc      N/A          99%         3    ####...
 Regeneration             Chrm/Necr      #.........   99%         3    ####...
 Spectral Weapon          Hex/Chrm       #.......     99%         3    ####...
 Spider Form              Tmut/Pois      #.........   99%         3    ####...
 Static Discharge         Conj/Air       #.......     99%         3    ####...
 Stone Arrow              Conj/Erth      #.....       99%         3    ####...
 Summon Guardian Golem    Hex/Summ       #.......     99%         3    ####...
 Teleport Other           Tloc           #.......     99%         3    ####...
 Tukima's Dance           Hex            #.......     99%         3    ####...
 Vampiric Draining        Necr           #.........   99%         3    ####...
 Airstrike                Air            #.........   100%        4    #####..
 Animate Dead             Necr           N/A          100%        4    #####..
 Cause Fear               Hex            #.........   100%        4    #####..
 Force Lance              Conj/Tloc      #.......     100%        4    #####..
 Fulminant Prism          Conj/Hex       #.........   100%        4    #####..
 Ice Form                 Ice/Tmut       #.......     100%        4    #####..
 Iskenderun's Mystic Bla  Conj           #.......     100%        4    #####..
 Leda's Liquefaction      Hex/Erth       #.........   100%        4    #####..
 Passage of Golubria      Tloc           N/A          100%        4    #####..
 Petrify                  Tmut/Erth      #.......     100%        4    #####..
 Sticky Flame             Conj/Fire      #.......     100%        4    #####..
 Summon Ice Beast         Ice/Summ       #.......     100%        4    #####..
 Summon Lightning Spire   Summ/Air       #.......     100%        4    #####..
 Throw Icicle             Conj/Ice       #.......     100%        4    #####..
 Agony                    Necr           #.......     100%        5    ######.
 Alistair's Intoxication  Tmut/Pois      #.......     100%        5    ######.
 Aura of Abjuration       Summ           #.........   100%        5    ######.
 Blade Hands              Tmut           #.........   100%        5    ######.
 Bolt of Draining         Conj/Necr      #.........   100%        5    ######.
 Bolt of Magma            Conj/Fire/Erth #.........   100%        5    ######.
 Borgnjor's Vile Clutch   Necr/Erth      #.........   100%        5    ######.
 Dispel Undead            Necr           #.......     100%        5    ######.
 Excruciating Wounds      Chrm/Necr      #.........   100%        5    ######.
 Fireball                 Conj/Fire      #.........   100%        5    ######.
 Irradiate                Conj/Tmut      #.........   100%        5    ######.
 Iskenderun's Battlesphe  Conj/Chrm      #.......     100%        5    ######.
 Lee's Rapid Deconstruct  Erth           #.........   100%        5    ######.
 Lightning Bolt           Conj/Air       #.........   100%        5    ######.
 Metabolic Englaciation   Hex/Ice        #.........   100%        5    ######.
 Silence                  Hex/Air        #.........   100%        5    ######.
 Summon Demon             Summ           #.........   100%        5    ######.
 Summon Forest            Summ/Tloc      #.........   100%        5    ######.
 Summon Mana Viper        Hex/Summ       #.......     100%        5    ######.
 Venom Bolt               Conj/Pois      #.........   100%        5    ######.
 Yara's Violent Unravell  Hex/Tmut       #.........   100%        5    ######.
 Bolt of Fire             Conj/Fire      #.........   100%        6    #######
 Conjure Ball Lightning   Conj/Air       #.........   100%        6    #######
 Darkness                 Hex            #.........   100%        6    #######
 Deflect Missiles         Chrm/Air       #.........   100%        6    #######
 Dispersal                Tloc           #.........   100%        6    #######
 Hydra Form               Tmut           #.........   100%        6    #######
 Invisibility             Hex            #.......     100%        6    #######
 Iron Shot                Conj/Erth      #.........   100%        6    #######
 Poison Arrow             Conj/Pois      #.........   100%        6    #######
 Shadow Creatures         Summ           N/A          100%        6    #######
 Simulacrum               Ice/Necr       #.........   100%        6    #######
 Statue Form              Tmut/Erth      #........    100%        6    #######
 Dragon Form              Tmut           #.........   100%        7    #######
 Malign Gateway           Summ/Tloc      #.........   100%        7    #######
 Monstrous Menagerie      Summ           #.........   100%        7    #######
 Orb of Destruction       Conj           #.........   100%        7    #######
 Ring of Flames           Chrm/Fire      #.........   100%        7    #######
 Spellforged Servitor     Conj/Summ      #.........   100%        7    #######
 Summon Greater Demon     Summ           #.........   100%        7    #######
 Summon Hydra             Summ           #.........   100%        7    #######
 Chain Lightning          Conj/Air       #.........   100%        8    #######
 Controlled Blink         Tloc           N/A          100%        8    #######
 Discord                  Hex            #.........   100%        8    #######
 Disjunction              Tloc           #.........   100%        8    #######
 Ignition                 Fire           #.........   100%        8    #######
 Lehudib's Crystal Spear  Conj/Erth      #.........   100%        8    #######
 Necromutation            Tmut/Necr      #.........   100%        8    #######
 Summon Horrible Things   Summ           #.........   100%        8    #######
 Dragon's Call            Summ           #.........   100%        9    #######
 Fire Storm               Conj/Fire      #.........   100%        9    #######
 Glaciate                 Conj/Ice       #.........   100%        9    #######
 Shatter                  Erth           #.........   100%        9    #######
 Tornado                  Air            #.........   100%        9    #######


Dungeon Overview and Level Annotations

Branches:
Dungeon (15/15)            Temple (1/1) D:5            Lair (6/6) D:9
  Swamp (4/4) Lair:3       Spider (4/4) Lair:4        Slime (5/5) Lair:5
    Orc (2/2) D:12            Elf (3/3) Orc:2        Vaults (5/5) D:14
  Crypt (3/3) Vaults:3       Tomb (0/3) Crypt:3      Depths (5/5) D:15
   Hell (visited)             Dis (0/7) Hell            Geh (0/7) Hell
    Coc (0/7) Hell            Tar (0/7) Hell            Zot (5/5) Depths:5
  Sewer (visited)           IceCv (visited)         Volcano (visited)
Desolation (visited)

Altars:
Ashenzari
Cheibriados
Dithmenos
Elyvilon
Fedhas
Gozag
Hepliaklqana
Kikubaaqudgha
Makhleb
Nemelex Xobeh
Okawaru
Qazlal
Ru
Sif Muna
Trog
Uskayaw
Vehumet
Wu Jian
Xom
Yredelemnul
Zin
Beogh

Shops:
D:9 !   D:10 }**:!   D:12 *   Orc:2 !(((   Elf:1 (*!=   Depths:1 *
Depths:4 =}}   Depths:5 :

Portals:
Hell: Depths:1 Depths:2 Depths:3 Depths:4 Depths:5
Abyss: Depths:1 Depths:4
Pandemonium: Depths:3 Depths:4 Depths:5

Annotations:
D:10 2 runed translucent doors
D:13 1 runed translucent door


Innate Abilities, Weirdness & Mutations

You reflexively headbutt those who attack you in melee.
You have a pair of horns on your head.
You are dopey. (Int -2)
You are frail. (-10% HP)
Your magical capacity is low. (-10% MP)
You are resistant to hostile enchantments. (MR+)
You do not regenerate when monsters are visible.


Message History

Something smites you!
* * * LOW HITPOINT WARNING * * *
You see here an arrow.
The deep elf demonologist mumbles some strange words.
The deep elf archer unwields a +0 shortbow.
The deep elf archer wields a +0 dagger.
You block the deep elf archer's attack.
You block the +4 halberd of venom's attack.
Unknown command.
You closely miss the deep elf archer.
The deep elf archer is lightly wounded.
The deep elf demonologist casts a spell.
The ghost moth stares at you.
You feel your power leaking away.
The +4 halberd of venom hits you from afar!
* * * LOW HITPOINT WARNING * * *
You are lethally poisoned!
Unknown command.
A red film seems to cover your vision as you go berserk!
You feel yourself moving faster!
You feel mighty!
You die...

.(4e(.(....▓
.e((.......▓
.eeee....).▓
(.e..e...)1▓▓▓▓▓▓▓▓▓
###..e.e###)3...)).▓
#G#e.ee1#y#.e...)((▓
###☼○...###..4.(.((▓
○E☼..☼☼.........)(.▓
..§....○○.e.e.ee@..▓
........(e.....∩▓
................▓
................▓
.....###........▓
.....#6#........▓
.....###........▓
........▓▓▓▓▓▓▓▓▓
.......


You could see a Brimstone Fiend, a ghost moth (invisible), a torturous black
sun, a deep elf annihilator, a sun demon, a deep elf demonologist, 2 deep elf
archers, a deep elf high priest, a deep elf mage, a red devil and a +4 halberd
of venom.

Vanquished Creatures
  the Royal Jelly (Slime:5)
  11 ancient liches
  3 orbs of fire (Zot:5)
  4 pandemonium lords
  The ghost of Voapiu the Wrestler, a legendary TrBe of Trog (Zot:1)
  Mara (Swamp:4)
  2 juggernauts
  the Lernaean hydra (Swamp:4)
  5 Killer Klowns
  2 curse toes
  The ghost of mantisjm the Hoplite, a veteran HOFi of Qazlal (Vaults:1)
  Xtahua (Crypt:3)
  12 golden dragons
  6 caustic shrikes
  Geryon (Hell)
  3 bone dragons
  A profane servitor (Crypt:3)
  Arachne (Spider:3)
  8 liches
  5 electric golems
  2 Brimstone Fiends
  A Tzitzimitl (Zig:14)
  3 iron giants (Zig:12)
  A Hell Sentinel (Zig:14)
  19 tentacled monstrosities
  4 deep elf blademasters
  4 titans
  8 quicksilver dragons
  25 Orb Guardians
  11 acid blobs
  An Executioner (Zig:14)
  Gastronok (Lair:1)
  Frances (Swamp:2)
  3 deep elf master archers
  13 death cobs
  3 ancient champions
  Kirke (Swamp:4)
  15 shadow dragons
  Agnes (D:15)
  20 storm dragons
  A sphinx (Depths:4)
  5 draconian monks
  4 thorn hunters
  Donald (Swamp:4)
  9 tengu reavers
  8 nagarajas
  8 azure jellies
  7 revenants
  A frost giant (shapeshifter) (Zig:8)
  12 deep elf sorcerers
  3 orc warlords
  An iron dragon (shapeshifter) (Zig:7)
  5 balrugs
  2 draconian knights
  9 iron dragons
  An imperial myrmidon (Desolation)
  19 fire giants
  6 draconian shifters
  16 frost giants
  A cacodemon (Zig:3)
  Aizul (Vaults:4)
  18 vault wardens
  4 ghost moths
  A juggernaut zombie (Zig:13)
  4 draconian scorchers
  The ghost of CrazyMind the Brawler, a journeyman TrMo of Ru (D:15)
  A warmonger (Zig:14)
  3 curse skulls
  2 ghouls (Crypt:2)
  3 emperor scorpions
  Louise (Spider:2)
  A corrupter (Zig:14)
  6 deep elf elementalists
  6 reapers
  23 ironheart preservers
  2 draconian stormcallers (Zot:3)
  A caustic shrike zombie (Zig:13)
  26 very ugly things
  2 draconian annihilators
  5 spriggan defenders
  2 blood saints (Zig:14)
  22 vampire knights
  A caustic shrike skeleton (Zig:13)
  5 war gargoyles
  2 black suns (Zig:14)
  27 stone giants
  6 entropy weavers
  9 black draconians
  15 green draconians
  10 deep elf annihilators
  8 deep elf demonologists
  4 halazid warlocks (Desolation)
  5 white draconians
  7 red draconians
  9 yellow draconians
  2 lorocyprocas (Zig:14)
  A minotaur (shapeshifter) (Zig:8)
  13 purple draconians
  5 green deaths
  2 pearl dragon zombies (Crypt:3)
  9 eidola
  16 spark wasps
  3 blizzard demons
  23 ettins
  14 deep elf death magi
  3 death oozes
  Josephine (Swamp:1)
  3 quicksilver dragon zombies
  12 fire dragons
  3 crystal guardians
  14 jiangshi
  12 servants of whispers
  8 ragged hierophants (Desolation)
  40 vault guards
  12 great orbs of eyes
  7 deep elf high priests
  21 yaktaur captains
  6 rakshasas
  A monstrous demonspawn (Zig:14)
  4 ghost crabs
  2 hell beasts
  The ghost of Frank2 the Basher, a journeyman DsGl of Ru (Lair:3)
  2 naga warriors (Zig:10)
  9 peacekeepers (Desolation)
  15 ice dragons
  24 hydras
  The ghost of Moiss the Protected, a journeyman DsWn of Gozag (D:10)
  5 anacondas
  An alligator snapping turtle (shapeshifter) (Zig:8)
  12 centaur warriors
  50 two-headed ogres
  5 spriggan air magi
  10 alligators
  A catoblepas (shapeshifter) (Zig:4)
  3 death knights
  21 ogre magi
  41 dancing weapons
  A satyr (shapeshifter) (Depths:4)
  3 tengu warriors
  3 shambling mangroves
  8 death scarabs (Spider:4)
  6 deep troll shamans
  4 hell hogs
  10 deep troll earth magi
  11 vampire magi
  9 spriggan berserkers
  3 death yaks
  A shock serpent (shapeshifter) (Zig:8)
  2 titan zombies
  7 orc high priests
  7 naga sharpshooters
  Urug (Orc:1)
  8 soul eaters
  5 sun demons
  29 deep elf knights
  A titan skeleton (Crypt:1)
  Nergalle (D:12)
  A fire crab (shapeshifter) (D:15)
  A spectral emperor scorpion (Spider:4)
  2 shock serpents (Zig:15)
  An iron golem (Zig:12)
  A sixfirhy (Depths:4)
  A golden dragon zombie (Hell)
  57 skeletal warriors
  29 deep trolls
  2 spriggan druids
  2 death drakes (shapeshifter)
  9 glowing orange brains
  3 iron trolls
  An infernal demonspawn (Depths:4)
  5 shadow wraiths
  2 swamp dragons (shapeshifter)
  3 unseen horrors
  4 anaconda zombies
  11 hell knights
  14 deep elf archers
  2 shadow demons
  2 unseen horrors (shapeshifter)
  A naga ritualist (Zig:15)
  19 swamp dragons
  A kraken simulacrum (Hell)
  A tengu zombie (Vaults:2)
  10 flayed ghosts
  A shadow dragon zombie (Zig:13)
  A ghost moth zombie (Crypt:2)
  26 phantasmal warriors
  18 orc knights
  3 spectral wolf spiders (Spider:4)
  21 ironbrand convokers
  2 lindwurms
  An orange crystal statue (Depths:5)
  2 wizards
  16 harpies
  A mana viper (shapeshifter) (Depths:4)
  77 deep elf magi
  10 necromancers
  9 orc sorcerers
  12 orb spiders
  An anaconda skeleton (Crypt:1)
  A mana viper (Zig:10)
  2 orb spiders (shapeshifter)
  A harpy (shapeshifter) (Depths:4)
  54 ugly things
  32 wolf spiders
  4 iron dragon zombies
  A sphinx skeleton (Crypt:1)
  2 wolf spider zombies
  7 cyclopes
  2 fire giant zombies (Crypt:3)
  The ghost of LraC the Reanimator, a novice DsNe of Yredelemnul (D:5)
  A manticore (shapeshifter) (Depths:3)
  24 moths of wrath
  4 salamanders (Volcano)
  3 apocalypse crabs
  2 frost giant skeletons
  6 molten gargoyles
  A black mamba (shapeshifter) (Zig:7)
  28 black mambas
  5 elephants (Lair:3)
  2 shining eyes (Slime:3)
  5 torpor snails
  A guardian serpent (shapeshifter) (Depths:3)
  A fire giant skeleton (Zig:13)
  A torpor snail (shapeshifter) (Depths:1)
  10 guardian serpents
  2 ice statues (Hell)
  An elephant (shapeshifter) (Depths:4)
  An elf zombie (Zig:13)
  5 rust devils
  A stone giant skeleton (Crypt:3)
  4 apis skeletons (Crypt:3)
  A smoke demon (Depths:3)
  9 naga magi
  3 eyes of devastation
  3 spiny frogs (shapeshifter)
  15 vault sentinels
  5 gargoyles
  2 orange demons (Zig:14)
  12 spiny frogs
  5 large abominations (Elf:2)
  An emperor scorpion zombie (Crypt:3)
  2 hellions (Zig:13)
  A komodo dragon (shapeshifter) (Depths:4)
  2 spectral redbacks (Spider:4)
  An anaconda simulacrum (Hell)
  2 redback zombies (Spider:4)
  3 rime drakes
  40 yaktaurs
  13 demonic crawlers
  10 freezing wraiths
  An ice devil (Depths:3)
  9 komodo dragons
  3 hellwings
  3 hydra zombies (Hell)
  A grey draconian skeleton (Crypt:2)
  A red draconian skeleton (Crypt:1)
  A minotaur skeleton (Crypt:3)
  A queen bee (D:12)
  18 polar bears
  A harpy zombie (Hell)
  3 tengu conjurers
  6 meliai
  7 red devils
  2 queen bees (shapeshifter)
  2 tormentors
  2 meliai (shapeshifter)
  4 spectral tarantellas (Spider:4)
  2 spectral jumping spiders (Spider:4)
  6 trolls
  A wind drake (shapeshifter) (Vaults:4)
  43 jumping spiders
  12 tyrant leeches
  36 hornets
  15 bog bodies
  A harpy skeleton (Crypt:1)
  A jumping spider zombie (Spider:4)
  An ice dragon zombie (Crypt:3)
  A tyrant leech (shapeshifter) (D:15)
  8 blink frogs
  A guardian serpent zombie (Crypt:3)
  A tarantella zombie (Spider:4)
  4 ettin zombies
  Grinder (D:3)
  45 slime creatures
  12 hippogriffs
  74 saltlings
  3 fire giant simulacra
  A guardian serpent skeleton (Crypt:2)
  A meliai zombie (D:10)
  An alligator zombie (Hell)
  8 flying skulls
  A black mamba zombie (Crypt:3)
  2 spriggans (shapeshifter)
  17 wraiths
  Sigmund (D:3)
  86 redbacks
  32 tarantellas
  14 spriggans
  12 water elementals
  An alligator skeleton (Crypt:2)
  10 wyverns
  A yak (shapeshifter) (Elf:2)
  2 air elementals (Elf:2)
  4 shadows
  12 fire elementals
  70 yaks
  A fire bat (Volcano)
  A hungry ghost (D:12)
  4 basilisks
  An ettin skeleton (Crypt:1)
  6 golden eyes (Slime:3)
  A golden eye (shapeshifter) (Vaults:3)
  27 vampire mosquitoes
  A human simulacrum (Vaults:2)
  A water nymph zombie (Crypt:3)
  4 chaos spawn
  4 wargs
  A warg (shapeshifter) (Zig:16)
  An acid dragon (shapeshifter) (Depths:2)
  12 swamp worms
  4 acid dragons
  4 nagas
  3 floating eyes (shapeshifter)
  15 hell hounds
  9 water moccasins
  5 porcupines
  14 swamp drakes
  4 floating eyes
  A hornet zombie (Spider:4)
  2 spiny frog skeletons (Hell)
  3 black bears
  A sky beast (D:14)
  38 orc warriors
  A fire dragon simulacrum (Hell)
  3 ice beasts
  An orc zombie (Vaults:2)
  2 phantoms
  3 necrophages
  11 boggarts
  8 small abominations
  4 eyes of draining
  2 swamp dragon skeletons
  16 centaurs
  28 wolves
  39 ogres
  An orc skeleton (Vaults:2)
  2 big kobolds (D:10)
  4 crocodiles
  17 bullfrogs
  A human skeleton (Vaults:2)
  10 earth elementals
  A spectral water moccasin (D:10)
  3 elf skeletons
  3 wyvern skeletons
  3 scorpions
  37 killer bees
  15 wights
  3 howler monkeys (D:12)
  2 spectral bullfrogs (D:10)
  2 electric eels
  5 lava snakes (Lair:6)
  6 crimson imps
  A black bear zombie (Crypt:2)
  7 jellies
  3 quasits
  4 centaur zombies
  6 hounds
  A human zombie (Hell)
  A bullfrog skeleton (D:5)
  Crazy Yiuf (D:3)
  A gnoll shaman (D:6)
  A centaur skeleton (D:6)
  24 orc priests
  27 orc wizards
  2 iron imps
  A porcupine zombie (Crypt:2)
  5 iguanas
  Ijyb (D:4)
  Natasha (D:3)
  2 hell rats (Lair:4)
  13 worker ants
  A killer bee zombie (D:8)
  A dwarf zombie (Crypt:2)
  2 felid skeletons
  A worker ant zombie (D:10)
  12 adders
  6 gnolls
  9 river rats
  4 shadow imps
  A white imp (Hell)
  7 oozes
  2 adder skeletons
  6 worms
  3 dart slugs
  8 leopard geckos
  94 orcs
  4 ball pythons
  8 giant cockroaches
  9 goblins
  3 hobgoblins
  7 jackals
  2 quokkas
  A ball python skeleton (Crypt:3)
  10 bats
  8 frilled lizards
  16 kobolds
  6 rats
  A crawling corpse (Elf:3)
  3 fungi
  4 plants
3209 creatures vanquished.

Vanquished Creatures (others)
  Margery (Crypt:2)
  A deep elf master archer (Elf:3)
  A frost giant (Vaults:2)
  A draconian knight (Zot:3)
  An ironheart preserver (Vaults:3)
  4 stone giants
  3 yaktaur captains
  A hydra (Swamp:4)
  A deep troll shaman (Depths:2)
  A spriggan berserker (Depths:3)
  A deep elf knight (Zig:16)
  A deep elf archer (Vaults:3)
  A lindwurm (shapeshifter) (Zig:16)
  A cyclops (Vaults:1)
  An orb spider (shapeshifter) (Depths:4)
  18 yaktaurs
  A tyrant leech (Swamp:4)
  A saltling (Desolation)
  2 slime creatures (Swamp:4)
  2 redbacks (Spider:1)
  5 humans (Swamp:4)
  A basilisk (Lair:5)
  An acid dragon (Vaults:2)
  An orc warrior (Vaults:5)
  A swamp drake (Swamp:4)
  3 ogres
  A centaur (Depths:1)
  An orc (Vaults:5)
  2 bushes (Swamp:4)
  A crawling corpse (Elf:3)
  13 fungi
  10 plants
  4 tentacles (Hell)
88 creatures vanquished.

Grand Total: 3297 creatures vanquished

Notes
Turn   | Place    | Note
-------+----------+-------------------------------------------
     0 | D:1      | Peloso the Minotaur Fighter began the quest for the Orb.
     0 | D:1      | Reached XP level 1. HP: 19/19 MP: 0/0
   182 | D:1      | Reached XP level 2. HP: 27/27 MP: 1/1
   834 | D:2      | Reached XP level 3. HP: 33/33 MP: 2/2
  1652 | D:3      | Reached XP level 4. HP: 41/41 MP: 3/3
  1660 | D:3      | Noticed Sigmund
  1670 | D:3      | Killed Sigmund
  1670 | D:3      | Reached skill level 1 in Dodging
  1670 | D:3      | Reached skill level 5 in Shields
  1670 | D:3      | Reached XP level 5. HP: 23/47 MP: 4/4
  2088 | D:3      | Reached skill level 5 in Armour
  2104 | D:3      | Reached XP level 6. HP: 28/53 MP: 5/5
  2250 | D:3      | Found a runed translucent door.
  2251 | D:3      | Noticed Crazy Yiuf
  2258 | D:3      | Killed Crazy Yiuf
  2357 | D:3      | Noticed Grinder
  2369 | D:3      | Killed Grinder
  2369 | D:3      | Reached skill level 5 in Long Blades
  2460 | D:3      | Reached XP level 7. HP: 60/60 MP: 6/6
  2537 | D:3      | Reached skill level 1 in Stealth
  2545 | D:3      | Noticed Natasha
  2686 | D:3      | Killed Natasha
  2803 | D:4      | Noticed Ijyb
  2817 | D:4      | Killed Ijyb
  2911 | D:4      | Found a glowing drain.
  2918 | Sewer    | Entered a sewer
  3724 | D:4      | You fall into a shaft and drop 2 floors!
  4034 | D:6      | Reached skill level 5 in Fighting
  4052 | D:6      | Reached XP level 8. HP: 68/68 MP: 7/7
  4299 | D:5      | Entered Level 5 of the Dungeon
  4708 | D:5      | Found a runed translucent door.
  4713 | D:5      | Noticed LraC's ghost (novice DsNe)
  4750 | D:5      | Found a staircase to the Ecumenical Temple.
  4774 | Temple   | Entered the Ecumenical Temple
  4800 | Temple   | Became a worshipper of Warmaster Okawaru
  5877 | D:4      | You fall into a shaft and drop 2 floors!
  6039 | D:4      | Found an opulent altar of Gozag.
  6214 | D:7      | Reached * piety under Okawaru
  6288 | D:7      | Reached XP level 9. HP: 71/75 MP: 8/8
  6290 | D:7      | Identified the Disquisition on Feathery Evil Rituals
  6718 | D:7      | Reached ** piety under Okawaru
  7860 | D:9      | Noticed a troll
  7873 | D:9      | Killed a troll
  7873 | D:9      | Reached *** piety under Okawaru
  7884 | D:9      | Found Bulolol's Distillery.
  7903 | D:9      | Reached skill level 10 in Long Blades
  7913 | D:9      | Bought a potion of curing for 51 gold pieces
  8143 | D:9      | Noticed a komodo dragon
  8158 | D:9      | Killed a komodo dragon
  8158 | D:9      | Reached skill level 10 in Shields
  8158 | D:9      | Reached XP level 10. HP: 34/84 MP: 2/9
  8286 | D:9      | Found a staircase to the Lair.
  9276 | D:10     | Entered Level 10 of the Dungeon
  9340 | D:10     | Found Zycky's General Store.
  9376 | D:10     | Reached **** piety under Okawaru
  9381 | D:10     | Noticed a four-headed hydra
  9390 | D:10     | Found a runed translucent gate.
  9390 | D:10     | Found a runed translucent gate.
  9391 | D:10     | Found a runed translucent gate.
  9392 | D:10     | Noticed a four-headed hydra
  9392 | D:10     | Found Xufomub's Book Shop.
  9395 | D:10     | Found Pagaotif's Distillery.
  9504 | D:10     | Killed a seven-headed hydra
 10102 | D:10     | Found Neudewka's Gadget Shoppe.
 10205 | D:10     | Got a shimmering chain mail
 10216 | D:10     | Identified the +4 chain mail "Givaghop" {rElec rF+ MR+
                  | Int+4} (You found it on level 10 of the Dungeon)
 10285 | Lair:1   | Entered Level 1 of the Lair of Beasts
 10392 | Lair:1   | Noticed a torpor snail
 10563 | D:9      | Reached ***** piety under Okawaru
 10591 | D:9      | Killed a torpor snail
 10591 | D:9      | Reached skill level 10 in Armour
 10591 | D:9      | Reached XP level 11. HP: 64/94 MP: 7/10
 10774 | Lair:1   | Received a gift from Okawaru
 10875 | Lair:1   | Noticed Gastronok
 11515 | Lair:1   | Killed Gastronok
 11515 | Lair:1   | Reached skill level 1 in Invocations
 12109 | Lair:1   | Noticed a four-headed hydra
 12137 | Lair:1   | Killed an 18-headed hydra
 12282 | Lair:1   | HP: 4/95 [poisoned by a black mamba]
 12289 | Lair:1   | HP: 4/95 [poisoned by a black mamba]
 12297 | Lair:1   | HP: 4/95 [poisoned by a black mamba]
 13103 | Lair:2   | Found a dark tunnel.
 13123 | Volcano  | Entered a volcano
 13192 | Volcano  | Noticed a two-headed ogre
 13203 | Volcano  | Killed a two-headed ogre
 13216 | Volcano  | Reached XP level 12. HP: 65/104 MP: 5/12
 13459 | Volcano  | Received a gift from Okawaru
 14376 | Lair:3   | Noticed a seven-headed hydra
 14467 | Lair:3   | Killed a four-headed hydra
 14565 | Lair:3   | Reached ****** piety under Okawaru
 14598 | Lair:3   | Received a gift from Okawaru
 14628 | Lair:3   | Got an ancient great sword {god gift}
 14629 | Lair:3   | Identified the +8 great sword of Charity {slice, *Noise
                  | Dex+3} (Okawaru gifted it to you on level 3 of the Lair of
                  | Beasts)
 14949 | Lair:3   | Reached skill level 10 in Fighting
 15091 | Lair:3   | Found a staircase to the Swamp.
 15251 | Lair:3   | Found a runed translucent door.
 15251 | Lair:3   | Noticed Frank2's ghost (journeyman DsGl)
 15251 | Lair:3   | Noticed a death yak
 15262 | Lair:3   | Killed a death yak
 15273 | Lair:3   | Killed Frank2's ghost
 15620 | D:10     | Bought a +2 pair of boots of flying for 258 gold pieces
 15633 | D:10     | Bought a scroll of acquirement for 624 gold pieces
 15649 | D:10     | Noticed Moiss's ghost (journeyman DsWn)
 15655 | D:10     | Found Gydodek's Assorted Antiques.
 15748 | D:10     | Found a runed translucent door.
 15748 | D:10     | Found a runed translucent door.
 15821 | D:10     | Found a burning altar of Makhleb.
 15835 | D:10     | Found the ring of Phasing {EV+8}
 15835 | D:10     | Got a translucent trident
 15944 | D:10     | Killed a two-headed hydra
 16064 | D:10     | Killed Moiss's ghost
 16064 | D:10     | Reached skill level 5 in Dodging
 16253 | D:5      | Killed LraC's ghost
 16258 | D:5      | Reached XP level 13. HP: 114/114 MP: 13/13
 16260 | D:5      | Identified the Papyrus of Transformation
 16424 | D:11     | Reached skill level 15 in Long Blades
 17359 | D:12     | Got an ancient long sword
 17367 | D:12     | Identified the +9 long sword "Trog's Fury" {slice, rF+ rN++
                  | MR-} (You found it on level 12 of the Dungeon)
 17368 | D:12     | Identified the +3 trident of Sunlight {flame, +Inv +Fly
                  | rElec SInv} (You found it on level 10 of the Dungeon)
 17435 | D:12     | Received a gift from Okawaru
 17877 | D:12     | Found a staircase to the Orcish Mines.
 18091 | D:12     | Noticed Nergalle
 18102 | D:12     | Killed Nergalle
 18172 | D:12     | Found Vythim's General Store.
 18202 | D:13     | Found a white marble altar of Elyvilon.
 18202 | D:13     | Found a runed translucent door.
 18202 | D:13     | Noticed an angel
 18246 | D:13     | Received a gift from Okawaru
 18751 | D:13     | Reached skill level 15 in Shields
 19142 | D:14     | Reached XP level 14. HP: 115/124 MP: 14/14
 19258 | D:14     | Found a gate to the Vaults.
 19352 | D:14     | Found a frozen archway.
 19387 | IceCv    | Entered an ice cave
 19697 | IceCv    | Received a gift from Okawaru
 19937 | IceCv    | Noticed a frost giant
 19976 | IceCv    | Killed a frost giant
 20590 | D:14     | Got an encrusted scale mail
 20601 | D:14     | Identified the +6 scale mail of Usmipadwo {Dex+4} (You
                  | found it on level 14 of the Dungeon)
 20923 | D:14     | Found a shattered altar of Ashenzari.
 21909 | Lair:4   | Received a gift from Okawaru
 21928 | Lair:4   | Found a hole to the Spider Nest.
 23176 | Lair:5   | Found a staircase to the Slime Pits.
 23378 | Lair:6   | Entered Level 6 of the Lair of Beasts
 23588 | Lair:6   | Found a large runed translucent door.
 23588 | Lair:6   | Found a large runed translucent door.
 23613 | Lair:6   | Reached XP level 15. HP: 135/135 MP: 15/15
 23653 | Lair:6   | Received a gift from Okawaru
 23656 | Lair:6   | Got a transparent quarterstaff {god gift}
 24625 | Lair:6   | Identified the +3 quarterstaff of Devotion {crush, +Fly
                  | rElec MR- SInv} (Okawaru gifted it to you on level 6 of the
                  | Lair of Beasts)
 25048 | Orc:1    | Entered Level 1 of the Orcish Mines
 25125 | Orc:1    | You are sucked into a shaft and drop 1 floor!
 25125 | Orc:2    | Entered Level 2 of the Orcish Mines
 25331 | Orc:2    | Found a staircase to the Elven Halls.
 25411 | Orc:1    | Noticed Urug
 25416 | Orc:1    | Killed Urug
 26040 | Orc:2    | Found Ukidedov's Antique Weapon Shop.
 26252 | Orc:2    | Received a gift from Okawaru
 26435 | Orc:2    | Found Qintaupe's Weapon Shop.
 26436 | Orc:2    | Found Dodihip's Distillery.
 26442 | Orc:2    | Found Girhef's Antique Weapon Shoppe.
 26459 | Orc:2    | Bought a potion of mutation for 144 gold pieces
 26471 | Orc:2    | Bought a shimmering hand crossbow for 340 gold pieces
 26471 | Orc:2    | Identified the +5 hand crossbow of Jezish {elec, rElec MR-
                  | Int+8 Dex+2} (You bought it in a shop on level 2 of the
                  | Orcish Mines)
 26474 | Orc:2    | Bought an ichor-stained long sword for 272 gold pieces
 26474 | Orc:2    | Identified the cursed +1 long sword of Evolution {freeze,
                  | rF+ rN+} (You bought it in a shop on level 2 of the Orcish
                  | Mines)
 26782 | D:15     | Entered Level 15 of the Dungeon
 26827 | D:15     | Noticed Agnes
 26833 | D:15     | Killed Agnes
 26843 | D:15     | Identified the Reference Book on Icy Talismans
 26848 | D:15     | Found a runed translucent gate.
 26848 | D:15     | Found a runed translucent gate.
 26848 | D:15     | Noticed CrazyMind's ghost (journeyman TrMo)
 26860 | D:15     | Found a runed translucent gate.
 26860 | D:15     | Identified the +9 glaive of Precise Incision {chop, +Rage
                  | +Fly Int-2 Dex+2}
 26860 | D:15     | Identified the cursed +0 plate armour of the Vaults {rElec
                  | Str+2 SInv}
 26860 | D:15     | Noticed an orc warlord
 27436 | D:15     | Found a staircase to the Depths.
 27489 | D:15     | Found a roughly hewn altar of Beogh.
 27516 | D:15     | Killed an orc warlord
 27527 | D:15     | Killed CrazyMind's ghost
 27609 | D:15     | Identified a +2 pair of boots of running (You found it on
                  | level 15 of the Dungeon)
 27882 | Swamp:1  | Entered Level 1 of the Swamp
 27922 | Swamp:1  | Noticed Josephine
 27951 | Swamp:1  | Killed Josephine
 28292 | Swamp:1  | Received a gift from Okawaru
 28293 | Swamp:1  | Found the +2 hat of the Bear Spirit {Spirit, +Rage rN+
                  | MR++}
 28296 | Swamp:1  | Reached XP level 16. HP: 146/146 MP: 16/16
 29180 | Swamp:2  | Noticed Frances
 29202 | Swamp:2  | Killed Frances
 29666 | Swamp:2  | Identified the Almanac of Earth and Boosts
 30346 | Spider:1 | Entered Level 1 of the Spider Nest
 30550 | Spider:1 | Reached skill level 15 in Fighting
 30582 | Spider:1 | Got a glittering jade ring
 30584 | Spider:1 | Identified the ring of Mattug {rF- rC+ Str+7 SInv} (You
                  | found it on level 1 of the Spider Nest)
 30770 | Spider:1 | Received a gift from Okawaru
 30782 | Spider:1 | Got a steaming demon blade {god gift}
 30788 | Spider:1 | Identified the +1 demon blade of the Head {pain, *Drain
                  | rElec rPois Str+3} (Okawaru gifted it to you on level 1 of
                  | the Spider Nest)
 31632 | Spider:2 | Noticed Louise
 31640 | Spider:2 | Killed Louise
 32150 | Elf:1    | Entered Level 1 of the Elven Halls
 32229 | Elf:1    | Received a gift from Okawaru
 32454 | Elf:1    | Found Padiarph's Jewellery Emporium.
 32462 | Elf:1    | Bought the ring of the Five Moons {MR+ EV+3 Int-2 Slay+5}
                  | for 957 gold pieces
 32476 | Elf:1    | Found Xiniko's Distillery.
 32486 | Elf:1    | Reached XP level 17. HP: 157/157 MP: 17/17
 32506 | Elf:1    | Bought a potion of heal wounds for 75 gold pieces
 32506 | Elf:1    | Bought a potion of might for 60 gold pieces
 32961 | Elf:1    | Found Fytaxe's Antique Weapon Emporium.
 33039 | Elf:1    | Found Gomamm's Goods Gallery.
 33575 | Elf:2    | Received a gift from Okawaru
 33630 | Elf:2    | Found a huge runed translucent gate.
 33630 | Elf:2    | Found a huge runed translucent gate.
 33631 | Elf:2    | Found a huge runed translucent gate.
 33632 | Elf:2    | Found a huge runed translucent gate.
 33639 | Elf:2    | Found a huge runed translucent gate.
 34006 | Elf:2    | Got a flickering silver amulet
 34008 | Elf:2    | Identified the amulet of Ynnaxuo {Harm *Contam *Drain
                  | Str+5} (You found it on level 2 of the Elven Halls)
 34011 | Elf:2    | Got a faintly glowing sapphire amulet
 34017 | Elf:2    | Identified the amulet "Belul" {Harm *Drain Slay+5} (You
                  | found it on level 2 of the Elven Halls)
 34528 | Elf:3    | Entered Level 3 of the Elven Halls
 34960 | Elf:3    | Found a portal to a secret trove of treasure.
 35205 | Elf:3    | Identified the amulet of Ethics {Gourm rElec rF++ MR+
                  | Str+2}
 35213 | Elf:3    | Identified the +7 morningstar "Embalmer" {elec, Str+4
                  | Int-5}
 35213 | Elf:3    | Identified the +1 robe of the Four Suns {+Blink MR- Str+4}
 35213 | Elf:3    | Identified the amulet of Joy {Reflect rF+ Str+2 SH+2}
 35824 | Elf:3    | Reached skill level 15 in Armour
 35907 | Elf:3    | Received a gift from Okawaru
 35910 | Elf:3    | Noticed a deep elf blademaster
 35916 | Elf:3    | Killed a deep elf blademaster
 35920 | Elf:3    | Identified the amulet "Atint" {Acrobat +Fly rPois MR- SInv}
 35943 | Elf:3    | Received a gift from Okawaru
 36000 | Elf:3    | Got a pair of heavily runed gloves {god gift}
 36011 | Elf:3    | Identified the +0 pair of gloves of Fapup {+Fly MR+ Str-2
                  | Int+7} (Okawaru gifted it to you on level 3 of the Elven
                  | Halls)
 36161 | Elf:3    | Noticed a deep elf master archer
 36171 | Elf:3    | Killed a deep elf master archer
 36247 | Elf:3    | Reached XP level 18. HP: 160/168 MP: 18/18
 36283 | Elf:3    | Identified the ring "Koibe" {MP+9 Int+6 Dex+2}
 36737 | Elf:3    | Got a slimy rapier
 36738 | Elf:3    | Identified the +1 rapier "Etoowex" {pierce, Fragile rElec
                  | rC- Dex+8} (You found it on level 3 of the Elven Halls)
 38337 | Elf:2    | Received a gift from Okawaru
 38540 | Orc:2    | Bought 2 potions of might for 144 gold pieces
 38949 | D:9      | Bought a potion of curing for 51 gold pieces
 39786 | Swamp:3  | Got a twisted ring mail
 39787 | Swamp:3  | Identified the cursed +1 ring mail of the Bouncing Coins
                  | {Str+3} (You found it on level 3 of the Swamp)
 40454 | Spider:3 | Noticed Arachne
 40471 | Spider:3 | Killed Arachne
 41863 | D:10     | Bought a potion of curing for 48 gold pieces
 43712 | Spider:4 | Entered Level 4 of the Spider Nest
 43720 | Spider:4 | Received a gift from Okawaru
 44368 | Spider:4 | Reached XP level 19. HP: 170/177 MP: 19/19
 44643 | Spider:4 | Received a gift from Okawaru
 45461 | Spider:4 | Got a gossamer rune of Zot
 45906 | Swamp:4  | Entered Level 4 of the Swamp
 45950 | Swamp:4  | Noticed Kirke
 45963 | Swamp:4  | Noticed Donald
 45965 | Swamp:4  | Killed Kirke
 45978 | Swamp:4  | Killed Donald
 46025 | Swamp:4  | Noticed Mara
 47022 | Swamp:4  | Received a gift from Okawaru
 47606 | Swamp:4  | Noticed the 27-headed Lernaean hydra
 47616 | Swamp:4  | Killed the 23-headed Lernaean hydra
 47645 | Swamp:4  | Got a decaying rune of Zot
 47680 | Swamp:4  | Noticed Peloso's illusion
 47685 | Swamp:4  | Killed Mara
 48345 | Elf:1    | Bought a potion of curing for 45 gold pieces
 48345 | Elf:1    | Bought a potion of curing for 45 gold pieces
 48363 | Elf:1    | Bought +0 gold dragon scales for 880 gold pieces
 48742 | Vaults:1 | Entered Level 1 of the Vaults
 48783 | Vaults:1 | Reached skill level 10 in Dodging
 48919 | Vaults:1 | Reached XP level 20. HP: 189/189 MP: 20/20
 49062 | Vaults:1 | Got a transparent chain mail
 49073 | Vaults:1 | Identified the +5 chain mail "Zuxt" {*Contam rPois rC+
                  | Slay+3} (You found it on level 1 of the Vaults)
 49093 | Vaults:1 | Received a gift from Okawaru
 49107 | Vaults:1 | Got a dazzling scimitar {god gift}
 49108 | Vaults:1 | Identified the +9 scimitar of the Eleven Wars {slice, rF+
                  | Dex+3} (Okawaru gifted it to you on level 1 of the Vaults)
 49191 | Vaults:1 | Found a runed translucent door.
 49192 | Vaults:1 | Noticed mantisjm's ghost (veteran HOFi)
 49206 | Vaults:1 | Killed mantisjm's ghost
 49251 | Vaults:1 | Got a faintly glowing long sword
 49252 | Vaults:1 | Identified the +6 long sword of Jueh {holy, rF+} (You found
                  | it on level 1 of the Vaults)
 49580 | Vaults:1 | Received a gift from Okawaru
 50315 | Vaults:2 | Found a ruined gateway.
 50334 | Desolati | Entered the Desolation of Salt
 50724 | Desolati | Received a gift from Okawaru
 51024 | Desolati | Got a smoking copper amulet
 51025 | Desolati | Identified the amulet "Keli" {Spirit rF- rC++ Dex+7} (You
                  | found it in the Desolation of Salt)
 51032 | Desolati | Got a bloodstained short sword
 51854 | Desolati | Got a steaming brass ring
 51857 | Desolati | Identified Leresacy's Catalogue of Unholy Secrets and Earth
 51867 | Desolati | Identified Yppainnery's Collected Works on Dislocated
                  | Changing
 51889 | Desolati | Identified the Papyrus of Shifting Stones
 51949 | Desolati | Received a gift from Okawaru
 51955 | Desolati | Got a translucent steel amulet
 51958 | Desolati | Identified the Collected Works on Floating Augmentations
 51963 | Desolati | Identified the Tome of the True Pharaoh
 52016 | Desolati | Identified the amulet of the Everdark {Spirit rElec Dex+10
                  | Stlth-} (You found it in the Desolation of Salt)
 52017 | Desolati | Identified the ring "Qeskaiz" {Wiz rElec rPois} (You found
                  | it in the Desolation of Salt)
 52173 | Vaults:2 | Reached XP level 21. HP: 198/199 MP: 21/21
 52880 | Lair:1   | Identified the +7 short sword of Foacazacw {pierce,
                  | *Corrode rPois rC+ Str+2} (You found it in the Desolation
                  | of Salt)
 53699 | Vaults:2 | Received a gift from Okawaru
 53901 | Vaults:2 | Got an ancient lajatang
 53912 | Vaults:2 | Identified the +4 lajatang "Witebyj" {slice, rPois MR+}
                  | (You found it on level 2 of the Vaults)
 53926 | Vaults:2 | Identified First Steps in Spellcraft
 54948 | Vaults:3 | Received a gift from Okawaru
 54964 | Vaults:3 | Found a staircase to the Crypt.
 54988 | Vaults:3 | Reached XP level 22. HP: 192/209 MP: 21/23
 55829 | Vaults:4 | Received a gift from Okawaru
 55865 | Vaults:4 | Got an iridescent scimitar {god gift}
 55893 | Vaults:4 | Identified the +3 scimitar "Ownirir" {slice, *Contam rElec
                  | rF+ Int+9} (Okawaru gifted it to you on level 4 of the
                  | Vaults)
 55920 | Vaults:4 | Noticed Aizul
 55929 | Vaults:4 | Killed Aizul
 56334 | Vaults:4 | Reached skill level 27 in Shields
 56346 | Vaults:4 | Received a gift from Okawaru
 56531 | Vaults:4 | Received a gift from Okawaru
 56788 | Vaults:5 | Entered Level 5 of the Vaults
 56803 | Vaults:4 | Received a gift from Okawaru
 56808 | Vaults:4 | Got a translucent chain mail {god gift}
 56809 | Vaults:4 | Identified the +1 chain mail of Vughouxt {MP-9 Str+5}
                  | (Okawaru gifted it to you on level 4 of the Vaults)
 57027 | Vaults:4 | Reached XP level 23. HP: 193/221 MP: 22/24
 58301 | Vaults:5 | Noticed an ancient lich
 58331 | Vaults:5 | Killed an ancient lich
 58331 | Vaults:5 | Received a gift from Okawaru
 58470 | Vaults:5 | Identified the +7 war axe of Obsession {protect, *Rage
                  | Int+4 Stlth+}
 58724 | Vaults:5 | Identified the +7 scimitar of the Tomato {pain, -Tele rN++}
 58976 | Vaults:5 | Received a gift from Okawaru
 59567 | Vaults:5 | Identified the +10 battleaxe of Nokkoem {antimagic, rN+
                  | Int+4 Stlth-}
 59597 | Vaults:5 | Identified the ring of Vehumet's Indignation {rC++ Dex+3
                  | SInv}
 59605 | Vaults:5 | Reached XP level 24. HP: 218/234 MP: 24/24
 59745 | Vaults:5 | Identified the cursed +1 battleaxe of Governance {venom,
                  | Fragile MR+ SInv}
 59745 | Vaults:5 | Identified the +3 chain mail "Jaeriaph" {Str+3 Dex+3}
 59785 | Vaults:5 | Got a silver rune of Zot
 60230 | Vaults:5 | Identified the Catalogue of Mutagenic Execration
 60531 | Depths:1 | Entered Level 1 of the Depths
 60590 | Depths:1 | Found a one-way gate to the infinite horrors of the Abyss.
 61054 | Depths:1 | Found a gateway to Hell.
 61174 | Depths:1 | Found Xivvafeg's General Store.
 61183 | Depths:1 | Bought a scroll of blinking for 127 gold pieces
 62162 | Depths:2 | Found a shadowy altar of Dithmenos.
 62162 | Depths:2 | Found a shimmering blue altar of Sif Muna.
 62163 | Depths:2 | Found a bloodstained altar of Trog.
 62296 | Depths:2 | Received a gift from Okawaru
 62719 | Depths:2 | Got a twisted double sword {god gift}
 62720 | Depths:2 | Identified the +5 double sword of Ezuuqos {slice, -Tele
                  | Int+10} (Okawaru gifted it to you on level 2 of the Depths)
 62849 | Depths:2 | Received a gift from Okawaru
 62850 | Depths:2 | Found the +27 Lear's hauberk
 63424 | Depths:2 | Identified the +7 long sword "Uxem" {chaos, Int+3}
 63931 | Depths:3 | Reached XP level 25. HP: 220/247 MP: 22/24
 63933 | Depths:3 | Noticed a juggernaut
 63944 | Depths:3 | Killed a juggernaut
 63967 | Depths:3 | Paralysed by a floating eye for 3 turns
 64388 | Depths:3 | Paralysed by a floating eye for 4 turns
 64403 | Depths:3 | Paralysed by a floating eye for 2 turns
 65051 | Depths:3 | Found a one-way gate leading to the halls of Pandemonium.
 65375 | Depths:3 | Paralysed by a floating eye for 4 turns
 65384 | Depths:3 | Got a transparent lajatang
 65385 | Depths:3 | Identified the +5 lajatang of Raifym {distort, rPois Str+4}
                  | (You found it on level 3 of the Depths)
 65515 | Depths:3 | Got distressingly furry ice dragon scales
 65516 | Depths:3 | Identified the +6 ice dragon scales of the Valley of Death
                  | {rF- rC++ Dex+4} (You found it on level 3 of the Depths)
 65520 | Depths:3 | Identified the ring "Ukhlasmol" {Fire *Contam Dex+4 Stlth+}
 65626 | Depths:3 | Received a gift from Okawaru
 66238 | Depths:4 | Found Amesif's Gadget Shoppe.
 66266 | Depths:4 | Found Beaz's Jewellery Boutique.
 66267 | Depths:4 | Found Bocw's Gadget Shoppe.
 66504 | Depths:4 | Received a gift from Okawaru
 66513 | Depths:4 | Reached skill level 27 in Long Blades
 66517 | Depths:4 | Received a gift from Okawaru
 66531 | Depths:4 | Noticed a juggernaut
 66544 | Depths:4 | Killed a juggernaut
 67082 | Depths:4 | Reached XP level 26. HP: 261/261 MP: 24/24
 67108 | Depths:4 | Paralysed by a floating eye for 3 turns
 69171 | Elf:3    | You paid a toll of 15 potions of curing to enter a treasure
                  | trove
 69172 | Trove    | Entered a treasure trove
 69177 | Trove    | Got a bound iron amulet
 69179 | Trove    | Got a bound amber ring
 69186 | Trove    | Got a clouded platinum amulet
 69192 | Trove    | Got a translucent jade amulet
 69197 | Trove    | Got an ancient tin amulet
 69199 | Trove    | Got a brightly glowing glass ring
 69209 | Trove    | Got a heavily runed turquoise ring
 69240 | Elf:3    | Identified the amulet "Pielazaq" {Harm *Drain +Blink rPois}
                  | (You found it in a treasure trove)
 69246 | Elf:3    | Identified the amulet "Jiukkad" {Gourm Dex+3} (You found it
                  | in a treasure trove)
 69249 | Elf:3    | Identified the amulet "Zasugack" {Reflect Int+3 SH+2} (You
                  | found it in a treasure trove)
 69250 | Elf:3    | Identified the amulet "Qomm" {RegenMP *Drain rElec rC++
                  | Str+3} (You found it in a treasure trove)
 69251 | Elf:3    | Identified the ring of Yloi {MR+ MP+9 Int+8} (You found it
                  | in a treasure trove)
 69252 | Elf:3    | Identified the ring "Ustut" {rF+ EV+3 Str+2 Dex-2 SInv}
                  | (You found it in a treasure trove)
 69256 | Elf:3    | Identified the ring "Kailusof" {+Fly rPois rN+ MP+9 Str+4
                  | Int-2} (You found it in a treasure trove)
 69944 | Depths:5 | Entered Level 5 of the Depths
 69944 | Depths:5 | Found a sparkling altar of Nemelex Xobeh.
 70335 | Depths:5 | Found a gateway to a ziggurat.
 70470 | Depths:5 | Reached skill level 27 in Fighting
 70479 | Depths:5 | Received a gift from Okawaru
 70590 | Depths:5 | Found a gate to the Realm of Zot.
 70939 | Depths:5 | Found Haenteam's One-of-a-Kind Books.
 71616 | Lair:1   | Gained mutation: You are frail. (-10% HP) [mutagenic glow]
 72002 | Crypt:1  | Entered Level 1 of the Crypt
 73184 | Crypt:2  | Received a gift from Okawaru
 73535 | Crypt:2  | Reached skill level 5 in Stealth
 73811 | Crypt:2  | Noticed Margery
 73823 | Crypt:2  | Killed Margery
 73833 | Crypt:2  | Reached XP level 27. HP: 228/245 MP: 23/25
 74183 | Crypt:3  | Entered Level 3 of the Crypt
 74257 | Crypt:3  | Noticed Xtahua
 74297 | Crypt:3  | Killed Xtahua
 74606 | Crypt:3  | Found a staircase to the Tomb.
 74672 | Crypt:3  | Reached skill level 15 in Dodging
 75031 | Crypt:3  | Received a gift from Okawaru
 75409 | Crypt:3  | Found an ancient bone altar of Kikubaaqudgha.
 75607 | Crypt:3  | Identified the ring "Giwinev" {rN+ Str+4 Int+4}
 75625 | Crypt:3  | Identified the ring of the Turtle {*Contam rC+ rN+ Slay+3}
 75626 | Crypt:3  | Identified the ring "Faitea" {rN+ Str+2}
 75668 | Crypt:3  | Identified Feafuduh's Disquisition on Black Arts
 76003 | Crypt:3  | Found a basalt altar of Yredelemnul.
 76567 | Zot:1    | Entered Level 1 of the Realm of Zot
 76828 | Zot:1    | Received a gift from Okawaru
 77196 | Zot:1    | Found a large runed translucent door.
 77196 | Zot:1    | Found a large runed translucent door.
 77202 | Zot:1    | Noticed Voapiu's ghost (legendary TrBe)
 77487 | Zot:1    | Killed Voapiu's ghost
 77497 | Zot:1    | Got a fine ring mail
 77498 | Zot:1    | Identified the +1 ring mail "Puaschokh" {rF++ MR+ Str+4
                  | Int+4} (You found it on level 1 of the Realm of Zot)
 77553 | Zot:2    | Received a gift from Okawaru
 78140 | Zot:2    | Got a brightly glowing spear
 78161 | Zot:2    | Identified the cursed +1 spear "Pidoxtox" {elec, rC+} (You
                  | found it on level 2 of the Realm of Zot)
 78300 | Zot:3    | Reached skill level 27 in Armour
 78336 | Zot:3    | Reached skill level 5 in Invocations
 78935 | Zot:3    | Received a gift from Okawaru
 81385 | Zot:5    | Entered Level 5 of the Realm of Zot
 82174 | Zot:5    | Noticed an ancient lich
 82184 | Zot:5    | Killed an ancient lich
 82184 | Zot:5    | Received a gift from Okawaru
 82187 | Zot:5    | Got a heavily runed chain mail {god gift}
 82188 | Zot:5    | Identified the +8 chain mail of Impatience {-Tele rElec
                  | Str+3 Int+2} (Okawaru gifted it to you on level 5 of the
                  | Realm of Zot)
 82245 | Zot:5    | Noticed an ancient lich
 82258 | Zot:5    | Killed an ancient lich
 82258 | Zot:5    | Reached skill level 10 in Stealth
 82302 | Zot:5    | Noticed an orb of fire
 82317 | Zot:5    | Killed an orb of fire
 82756 | Zot:5    | Noticed an ancient lich
 82833 | Zot:5    | Killed an ancient lich
 83141 | Zot:5    | Noticed an ancient lich
 83151 | Zot:5    | Killed an ancient lich
 83196 | Zot:5    | Noticed an orb of fire
 83202 | Zot:5    | Gained mutation: You do not regenerate when monsters are
                  | visible. [an orb of fire]
 83214 | Zot:5    | Killed an orb of fire
 83375 | Zot:5    | Noticed an ancient lich
 83376 | Zot:5    | Noticed an ancient lich
 83377 | Zot:5    | Noticed an ancient lich
 83397 | Zot:5    | Killed an ancient lich
 83439 | Zot:5    | Killed an ancient lich
 83439 | Zot:5    | Received a gift from Okawaru
 83445 | Zot:5    | Killed an ancient lich
 83445 | Zot:5    | Reached skill level 10 in Invocations
 83467 | Zot:5    | Noticed an ancient lich
 83469 | Zot:5    | Noticed an ancient lich
 83962 | Zot:5    | Killed an ancient lich
 83974 | Zot:5    | Killed an ancient lich
 84213 | Zot:5    | Noticed an orb of fire
 84214 | Zot:5    | Gained mutation: You are occasionally teleported next to
                  | monsters. [an orb of fire]
 84216 | Zot:5    | Gained mutation: You are dopey. (Int -2) [an orb of fire]
 84218 | Zot:5    | Gained mutation: Your magical capacity is low. (-10% MP)
                  | [an orb of fire]
 84220 | Zot:5    | Gained mutation: Your magical capacity is very low. (-20%
                  | MP) [an orb of fire]
 84225 | Zot:5    | Killed an orb of fire
 84228 | Zot:5    | Noticed an ancient lich
 84239 | Zot:5    | Killed an ancient lich
 84424 | Zot:5    | Received a gift from Okawaru
 85335 | Slime:1  | Entered Level 1 of the Pits of Slime
 85434 | Slime:3  | Gained mutation: Armour fits poorly on your strangely
                  | shaped body. [a shining eye]
 85440 | Slime:3  | Gained mutation: You are clumsy. (Dex -2) [a shining eye]
 85442 | Slime:3  | Gained mutation: Scrolls take you a little longer to read.
                  | [a shining eye]
 85507 | Slime:5  | Entered Level 5 of the Pits of Slime
 85522 | Slime:5  | Noticed the Royal Jelly
 85539 | Slime:5  | Killed the Royal Jelly
 85539 | Slime:5  | Received a gift from Okawaru
 85599 | Slime:5  | Got a brightly glowing tin ring
 85709 | Slime:5  | Got a slimy rune of Zot
 85780 | Slime:5  | Got a polished rapier
 85783 | Slime:5  | Identified the +4 rapier "Guzotag" {freeze, +Rage +Inv
                  | Str-2} (You found it on level 5 of the Pits of Slime)
 85786 | Slime:5  | Identified the ring "Lokemecky" {MR+ Int+4} (You found it
                  | on level 5 of the Pits of Slime)
 85794 | Slime:5  | Got a polished dagger
 85797 | Slime:5  | Identified the +5 dagger "Meps" {freeze, *Contam +Blink
                  | rPois Dex+4} (You found it on level 5 of the Pits of Slime)
 86281 | Lair:1   | Lost mutation: Armour fits poorly on your strangely shaped
                  | body. [potion of mutation]
 86281 | Lair:1   | Lost mutation: You are clumsy. (Dex -2) [potion of
                  | mutation]
 86281 | Lair:1   | Lost mutation: Scrolls take you a little longer to read.
                  | [potion of mutation]
 86281 | Lair:1   | Lost mutation: You are occasionally teleported next to
                  | monsters. [potion of mutation]
 86281 | Lair:1   | Gained mutation: You are resistant to hostile enchantments.
                  | (MR+) [potion of mutation]
 86281 | Lair:1   | Lost mutation: Your magical capacity is very low. (-20% MP)
                  | [potion of mutation]
 86637 | Hell     | Entered the Vestibule of Hell
 86637 | Hell     | Noticed Geryon
 86658 | Hell     | Killed Geryon
 86822 | Hell     | Found a gateway to the ashen valley of Gehenna.
 86975 | Hell     | Found a gateway to the Iron City of Dis.
 87101 | Hell     | Found a gateway to the freezing wastes of Cocytus.
 87189 | Hell     | Found a gateway to the decaying netherworld of Tartarus.
 87220 | Hell     | Reached skill level 15 in Stealth
 87626 | Lair:1   | Got a crude large shield
 87627 | Lair:1   | Identified the +7 large shield of Defiance {rElec rF+} (You
                  | acquired it on level 1 of the Lair of Beasts)
 88319 | Zig:1    | Entered Level 1 of a ziggurat
 88346 | Zig:2    | Entered Level 2 of a ziggurat
 88381 | Zig:3    | Entered Level 3 of a ziggurat
 88384 | Zig:3    | Noticed Wekh the pandemonium lord
 88410 | Zig:3    | Killed Wekh the pandemonium lord
 88790 | Zig:4    | Entered Level 4 of a ziggurat
 88874 | Zig:5    | Entered Level 5 of a ziggurat
 88924 | Zig:5    | Got an ancient ivory ring
 88933 | Zig:5    | Identified the ring "Xoin" {*Tele Str+3} (You found it on
                  | level 5 of a ziggurat)
 88943 | Zig:6    | Entered Level 6 of a ziggurat
 89017 | Zig:7    | Entered Level 7 of a ziggurat
 89048 | Zig:7    | Received a gift from Okawaru
 89106 | Zig:7    | Got a jewelled rapier
 89107 | Zig:7    | Identified the +6 rapier "Bairha" {pierce, rF+ Str+2 Int+4
                  | Stlth-} (You found it on level 7 of a ziggurat)
 89116 | Zig:7    | Got a pitted rapier {god gift}
 89117 | Zig:7    | Identified the +8 rapier "Saerph" {drain, rF+} (Okawaru
                  | gifted it to you on level 7 of a ziggurat)
 89129 | Zig:7    | Got a faintly glowing flail
 89130 | Zig:7    | Identified the +6 flail of the Common Good {crush, +Rage
                  | MP+9} (You found it on level 7 of a ziggurat)
 89139 | Zig:8    | Entered Level 8 of a ziggurat
 89146 | Zig:8    | Noticed Duatur the pandemonium lord
 89147 | Zig:8    | Noticed Ippagh the pandemonium lord
 89164 | Zig:8    | Killed Ippagh the pandemonium lord
 89173 | Zig:8    | Killed Duatur the pandemonium lord
 89542 | Zig:9    | Entered Level 9 of a ziggurat
 89552 | Zig:9    | Found the brooch of Shielding {Reflect SH+8}
 89645 | Zig:9    | Got transparent swamp dragon scales
 89667 | Zig:9    | Got a bloodstained plate armour
 89681 | Zig:9    | Identified the +10 plate armour of the Quahog {rC+ Str+2
                  | Dex+4} (You found it on level 9 of a ziggurat)
 89691 | Zig:9    | Identified the +1 swamp dragon scales of Gehenna {rPois
                  | Str+6 Slay+5} (You found it on level 9 of a ziggurat)
 89915 | Zig:10   | Entered Level 10 of a ziggurat
 89982 | Zig:10   | Reached skill level 15 in Invocations
 90019 | Zig:10   | Got a heavily runed granite ring
 90051 | Zig:10   | Identified the ring "Fira" {rC+++ rN+ MR- Dex-2 Slay+2}
                  | (You found it on level 10 of a ziggurat)
 90073 | Zig:11   | Entered Level 11 of a ziggurat
 90210 | Zig:11   | Reached skill level 1 in Throwing
 90210 | Zig:11   | Reached skill level 1 in Unarmed Combat
 90210 | Zig:11   | Reached skill level 1 in Spellcasting
 90210 | Zig:11   | Reached skill level 1 in Evocations
 90228 | Zig:12   | Entered Level 12 of a ziggurat
 90309 | Zig:12   | Received a gift from Okawaru
 90345 | Zig:12   | Got a brightly glowing ivory amulet
 90346 | Zig:12   | Identified the amulet "Lecunois" {Inacc rF+ MP+9} (You
                  | found it on level 12 of a ziggurat)
 90354 | Zig:12   | Identified the Compendium of Frigorific Changing
 90532 | Zig:13   | Entered Level 13 of a ziggurat
 91211 | Zig:14   | Entered Level 14 of a ziggurat
 91260 | Zig:14   | Noticed Aptog the pandemonium lord
 91277 | Zig:14   | Killed Aptog the pandemonium lord
 91985 | Zig:14   | Got a steaming hat
 91996 | Zig:14   | Identified the +4 hat of Bedevilment {rF+ rC+ Int+4} (You
                  | acquired it on level 14 of a ziggurat)
 92429 | Zig:15   | Entered Level 15 of a ziggurat
 92766 | Zig:15   | Got an ancient mace
 92767 | Zig:15   | Identified the +6 mace "Vanacize" {crush, MR++ Str+4} (You
                  | found it on level 15 of a ziggurat)
 92778 | Zig:15   | Got a polished mace
 92783 | Zig:15   | Identified the +9 mace of the Land of Plenty {crush, *Rage
                  | rElec Dex+4} (You found it on level 15 of a ziggurat)
 92792 | Zig:15   | Got a twisted spear
 92793 | Zig:15   | Identified the +9 spear of Midnight {elec, +Rage Dex-2 SInv
                  | Stlth+} (You found it on level 15 of a ziggurat)
 92846 | Zig:16   | Entered Level 16 of a ziggurat
 92951 | Zig:16   | HP: 10/245 [deep elf high priest/divine providence (14)]
 92974 | Zig:16   | HP: 11/245 [deep elf high priest/divine providence (9)]
 92976 | Zig:16   | HP: 1/245 [+4 halberd of venom (10)]
 92977 | Zig:16   | Succumbed to a +4 halberd of venom's poison

Levels and vault maps discovered:
D:1:      dpeg_arrival_court, layout_loops_ring
D:2:      cheibrodos_old_hovel, layout_basic
D:3:      layout_loops_ring, uniq_grinder, uniq_crazy_yiuf_cottage,
          uniq_sigmund, uniq_natasha
D:4:      layout_loops_cross, nicolae_gozag_cash_rules_everything_around_me,
          gup_sewer_entry_spiral, kennysheep_pointless_box, uniq_ijyb
D:5:      layout_gridville, minmay_temple_entry_wispy,
          ebering_ghost_inner_flame, first_ration
D:6:      layout_gridville
D:7:      layout_basic
D:8:      layout_gridville
D:9:      layout_layer_cave, david_lair_shrubbed, grunt_pizzeria,
          kennysheep_windowed_goal
D:10:     minmay_the_grid_four_pointed_star
          [minmay_the_grid_triangle_9x9_tough_junction,
          minmay_the_grid_triangle_9x9_shrine,
          minmay_the_grid_triangle_9x9_odd_lines,
          minmay_the_grid_triangle_9x9_swiss_cheese,
          minmay_the_grid_prize_trominoes], layout_cross,
          gammafunk_ghost_necromancy, serial_shops, shop, nicolae_shop_crystal,
          shop, nicolae_shop_crystal, shop
D:11:     layout_cave_pools
D:12:     layout_gridville, orc_0_dummy, serial_shops, kennysheep_little_box,
          minivault_7, uniq_nergalle
D:13:     layout_cave_pools, lemuel_angel_altar
D:14:     layout_cave_pods, erik_vaults_1, chequers_serial_rivers_small_3,
          portal_ice_cave_entry_animals_and_master, nicolae_ashenzari_panopticon
D:15:     gammafunk_enter_depths_forms, layout_basic,
          biasface_ghost_orc_armoury, serial_bayou_pond_b, uniq_agnes
Temple:   grunt_wide_crystal_templ
Lair:1:   cheibrodos_lair_river_kwai, layout_regular_city,
          infiniplex_staircase_pool, uniq_gastronok
Lair:2:   layout_cave_pods, enter_volcano_3, grunt_forest_stairs_clearing,
          lemuel_fruit_fields, infiniplex_staircase_pool_2
Lair:3:   layout_chaotic_city, minmay_swamp_entry_worms,
          ebering_ghost_inner_flame
Lair:4:   layout_cave_pods, spider_nest_entry_web_field, kennysheep_rathole
Lair:5:   layout_loops_ring, minmay_slime_entry_oklob_enclosed,
          columned_hall_lemuel, minmay_holes
Lair:6:   cheibrodos_lair_end_hotspot, layout_misc_corridors
Swamp:1:  layout_basic_swamp, nicolae_swamp_treefoil, uniq_josephine
Swamp:2:  layout_basic_swamp, evilmike_swamp_ruin_house_6, uniq_frances
Swamp:3:  layout_basic_swamp, hangedman_swamp_ruin_wall, swamp_pool1,
          nicolae_swamp_dense_foliage
Swamp:4:  grunt_swamp_rune_castle, layout_basic_swamp, uniq_kirke, uniq_donald,
          uniq_mara
Spider:1: layout_spider_delve
Spider:2: layout_spider_delve, nicolae_spider_nook, uniq_louise
Spider:3: nicolae_spider_mines_3, uniq_arachne
Spider:4: floodkiller_spider_rune_tomb
Slime:1:  layout_caves
Slime:2:  cheibrodos_slime_lost_civilization_1, layout_caves
Slime:3:  layout_caves
Slime:4:  layout_caves
Slime:5
Orc:1:    layout_diamond_mine, uniq_urug
Orc:2:    st_orc_elflike, layout_caves
Elf:1:    layout_geoelf_grid, serial_shops, nicolae_shop_overgrown_old_shop,
          nicolae_shop_trees, shop_fountains, minivault_28,
          nicolae_alphabet_shops
Elf:2:    layout_geoelf_octagon, chequers_hall_statues_corner_a,
          grunt_ministairs_9, serial_sigils_hangedman_quiver, laboratory
Elf:3:    minmay_elf_hall_dome, layout_geoelf_octagon, enter_trove_6,
          st_stairs_5
Vaults:1: ebering_vaults_ghost_reflecting_pool, v_alt_pattern_1,
          nicolae_vaults_network_square, vaults_room_ringed_pool,
          nicolae_vaults_big_ls, vaults_mumra_chevron_long,
          nicolae_vaults_bisected_slash, nicolae_vaults_an_arrangement,
          ontoclasm_vaults_decontamination, layout_vaults_chaotic_city
Vaults:2: st_greater_box_5, v_misc_1, nicolae_vaults_stairing_the_circle,
          vaults_room_fours, v_pattern_4, serial_ice_h,
          nicolae_vaults_network_s, vaults_room_pool, nicolae_vaults_triangles,
          ontoclasm_vaults_tryst, v_misc_17, nicolae_vaults_theta, v_misc_23,
          layout_vaults_maze, portal_desolation_entry_nicolae_nacl
Vaults:3: v_misc_4, grunt_vaults_hallway_short, hangedman_vaults_slither,
          hangedman_vaults_corner_blocks, vaults_room_pool,
          minmay_crypt_entry_nasty_monster, ontoclasm_vaults_loading_screen,
          nicolae_vaults_ring_of_whatevers, v_rooms_5, vaults_room_corners,
          vaults_room_hallway, layout_vaults_omnibox
Vaults:4: v_misc_28, vaults_standard_mumra_x, st_cells,
          nicolae_vaults_network_barrier, v_alt_pattern_1, v_misc_24,
          ontoclasm_vaults_spin, vaults_room_semicircle, v_misc_12,
          vaults_dpeg_ring, v_misc_25, nicolae_vaults_diagonal_hallway_9,
          nicolae_vaults_gold_heap, nicolae_vaults_diagonal_hallway_8,
          layout_vaults_ring, uniq_aizul
Vaults:5: serial_shops
Crypt:1:  layout_catacombs, grunt_crypt_arrival_split
Crypt:2:  grunt_deathspiral_small, layout_gridlike, uniq_margery
Crypt:3:  church_of_pain_bobbens, layout_chaotic_city, hangedman_blasphemy,
          uniq_xtahua
Depths:1: layout_gridlike, grunt_mini_vestibule, serial_shops, shop,
          serial_bayou_shore_a, abyss_entry, minmay_misc_feat_more_columns,
          hangedman_decor_riveting, kennysheep_decorative_pillar, hex_tiny,
          kennysheep_underground_church
Depths:2: hangedman_slaughterboxes, hell_entry
Depths:3: evilmike_diamond_1, layout_gridville, rand_demon_pan_entry_7,
          hangedman_coc_ice_floe, kennysheep_generic_room_16
Depths:4: grunt_bent_corner, layout_basic, grunt_hell_entry_dis_grunt,
          abyss_entry, serial_corexii_hall, chequers_hall_statues_corner_a,
          corexii_hall_statues_x, rand_demon_pan_entry_5, minmay_shop_grove
Depths:5: grunt_zot_entry_alcove, layout_honeycomb, enter_ziggurat_a,
          hell_entry, basic_altar, rand_demon_pan_entry_8, minivault_16,
          chequers_serial_rivers_micro_e, nicolae_rare_books
Hell
Zot:1:    layout_gridlike, ebering_ghost_disaster_area, skrybe_zot_glass_1
Zot:2:    layout_onion_interference, st_stairs_5
Zot:3:    layout_basic
Zot:4:    layout_gridlike, grunt_megastairs_4
Zot:5:    layout_twisted_circle
Zig:16:   ziggurat_pillar_centre_c, ziggurat_pillar_centre_c,
          ziggurat_pillar_centre_c, ziggurat_pillar_centre_c

Skill      XL: |  1  2  3  4  5  6  7  8  9 10 11 12 13 14 15 16 17 18 19 20 21 22 23 24 25 26 27 |
---------------+----------------------------------------------------------------------------------+-----
Fighting       | 4 5 6 7 9 10 11 13 14 15 16 17 18 19 20 21 22 24 26 27 | 27.0
Shields        | 4 5 6 7 10 11 12 13 15 16 17 19 20 22 23 24 26 27 | 27.0
Armour         | 4 5 6 7 8 10 11 12 13 14 15 16 17 18 19 22 27 | 27.0
Long Blades    | 3 4 5 6 8 10 11 13 14 16 17 18 19 20 21 22 23 24 26 27 | 27.0
Dodging        | 1 2 3 4 5 6 7 8 9 10 11 12 13 14 21 | 21.1
Stealth        | 1 2 3 4 5 15 | 15.9
Invocations    | 2 3 4 18 | 18.6
Throwing       | 1 |  1.5
Unarmed Combat | 2 |  2.8
Spellcasting   | 1 |  1.0
Evocations     | 3 |  3.0

Action                   |  1- 3 |  4- 6 |  7- 9 | 10-12 | 13-15 | 16-18 | 19-21 | 22-24 | 25-27 || total
-------------------------+-------+-------+-------+-------+-------+-------+-------+-------+-------++-------
Melee: Long sword        |    80 |    61 |   510 |   214 |       |       |       |       |   853 ||  1718
       Headbutt          |    11 |    16 |   159 |   171 |   307 |   297 |   445 |   399 |  1120 ||  2925
       Falchion          |       |       |       |   199 |       |       |       |       |       ||   199
       Double sword      |       |       |       |   185 |  1150 |  1031 |  1256 |  1073 |  2206 ||  6901
       Unarmed           |       |       |       |       |       |       |       |       |    57 ||    57
Invok: Heroism           |       |       |     1 |     9 |     4 |     2 |     5 |     4 |    25 ||    50
       Finesse           |       |       |       |     2 |       |       |       |       |    10 ||    12
Evoke: Wand              |       |       |       |       |     2 |     3 |     1 |       |       ||     6
       Horn of Geryon    |       |       |       |       |       |       |       |       |     1 ||     1
       Box of beasts     |       |       |       |       |       |       |       |       |     1 ||     1
  Use: Potion            |       |     3 |     1 |     3 |     2 |     8 |     7 |     5 |    20 ||    49
       Scroll            |       |       |    10 |    11 |    13 |    10 |    11 |     6 |    47 ||   108
 Stab: Distracted        |       |       |       |       |       |       |       |     1 |     1 ||     2
       Confused          |       |       |       |       |       |       |       |       |     1 ||     1
  Eat: Chunk             |     2 |     3 |    16 |    19 |    35 |    33 |    19 |    17 |    52 ||   196
       Ration            |       |       |     1 |     2 |     1 |     5 |     4 |     3 |    13 ||    29
Armor: Scale mail        |    45 |    23 |     1 |       |       |       |       |       |       ||    69
       Chain mail        |       |       |   236 |   185 |   360 |   405 |   282 |   226 |   100 ||  1794
       Plate armour      |       |       |       |    87 |       |       |       |       |       ||    87
       Swamp dragon scal |       |       |       |       |       |       |    51 |       |       ||    51
       Gold dragon scale |       |       |       |       |       |       |       |       |   546 ||   546
Dodge: Dodged            |    29 |    21 |   155 |   255 |   714 |   539 |   486 |   356 |   981 ||  3536
Block: Shield            |    48 |    29 |   330 |   451 |   956 |   662 |       |       |       ||  2476
       Reflection        |       |       |       |       |       |    27 |    79 |   134 |    48 ||   288
       Large shield      |       |       |       |       |       |   500 |  1795 |  1617 |  3876 ||  7788
       Rpst.: Long sword |     8 |     5 |    46 |    28 |       |       |       |       |    12 ||    99
       Falchion          |       |       |       |    16 |       |       |       |       |       ||    16
       Double sword      |       |       |       |    20 |   147 |    89 |    88 |    43 |   114 ||   501
